 Dungeon Crawl Stone Soup version 0.23-a0-319-gb40ba49 (webtiles) character file.

114 Amnesiac the Digger (level 4, 18/18 HPs)
             Began as a Felid Earth Elementalist on Oct 15, 2018.
             Quit the game on level 4 of the Dungeon.
             The game lasted 00:05:09 (870 turns).

Amnesiac the Digger (Felid Earth Elementalist)       Turns: 870, Time: 00:05:09

Health: 18/18      AC:  1    Str:  4    XL:     4   Next: 66%
Magic:  9/9        EV: 18    Int: 17    God:
Gold:   33         SH:  0    Dex: 17    Spells: 2/9 levels left
                                        Lives:  0   Deaths: 1

rFire    . . .     SeeInvis +     - Unarmed
rCold    . . .     Gourm    .   (shield unavailable)
rNeg     . . .     Faith    .   (armour unavailable)
rPois    .         Spirit   .   (helmet unavailable)
rElec    .         Reflect  .   (cloak unavailable)
rCorr    .         Harm     .   (gloves unavailable)
MR       .....                  (boots unavailable)
Stlth    +++.......             (no amulet)
HPRegen  0.06/turn              (no ring)
MPRegen  0.11/turn              (no ring)

@: quick
A: very small, no armour, no weapons or thrown items, stealth, claws 1, fangs 3,
see invisible, carnivore, speed 1, shaggy fur 1, slow metabolism 1, sharp paws
a: no special abilities


You were on level 4 of the Dungeon.
You were not hungry.

You visited 1 branch of the dungeon, and saw 4 of its levels.

You collected 33 gold pieces.

Inventory:

Missiles
 b - 29 stones
Scrolls
 d - 3 scrolls of teleportation {!r, unknown}
 f - 2 scrolls of remove curse {!r, unknown}
 h - 2 scrolls of identify {!r, unknown}
Potions
 a - 3 potions of curing {!q}
 e - a potion of agility {!q, unknown}
 i - a potion of flight {!q, unknown}
 j - a potion of lignification {!q, unknown}
 k - 2 potions of berserk rage {!q, unknown}
Comestibles
 c - 4 rations
 g - 3 chunks of flesh


   Skills:
 - Level 2.6 Dodging
 - Level 2.6 Stealth
 + Level 2.4 Unarmed Combat
 + Level 3.1 Spellcasting
 + Level 1.6 Transmutations
 * Level 4.5 Earth Magic


You had 2 spell levels left.
You knew the following spells:

 Your Spells              Type           Power        Failure   Level  Hunger
a - Sandblast             Erth           ###...       2%          1    None
b - Passwall              Tmut/Erth      ##......     8%          2    ##.....
e - Petrify               Tmut/Erth      ##......     43%         4    ####...

Your spell library contained the following spells:

 Spells                   Type           Power        Failure   Level  Hunger
 Stone Arrow              Conj/Erth      ##....       21%         3    ###....
 Lee's Rapid Deconstruct  Erth           ###.......   58%         5    ######.


Dungeon Overview and Level Annotations

Branches:
Dungeon (4/15)
 Temple: D:4-7

Altars:


Innate Abilities, Weirdness & Mutations

You cannot wear armour.
You are incapable of wielding weapons or throwing items.
Your paws allow you to move quietly. (Stealth)
You have sharp claws.
You have razor-sharp teeth.
You have supernaturally acute eyesight. (SInv)
You are carnivorous and can eat meat at any time.
You cover ground quickly.
You are covered in fur. (AC +1)
You have a slow metabolism.
Your sharp claws are effective at attacking unaware monsters.


Message History

There are monsters nearby!
Casting: Sandblast (safe; 3% risk of failure)
Confirm with . or Enter, or press ? or * to list all spells.
Aiming: Passwall (safe; 8% risk of failure)
Press: ? - help, Dir - move target cursor A rock wall.
You begin to meditate on the wall.
You continue meditating on the rock. x2
You finish merging with the rock. 2 orcs and an orc priest come into view.
You pounce on the unaware helpless orc!
You claw the orc!
You kill the orc!
The orc priest invokes the aid of Beogh against you.
Pain shoots through your body!
Casting: Passwall (safe; 8% risk of failure)
Confirm with . or Enter, or press ? or * to list all spells.
Aiming: Sandblast (safe; 3% risk of failure)
Press: ? - help, Shift-Dir - straight line, f - orc priest
Aim: an orc priest, wielding a mace The blast of sand hits the orc priest.
The orc priest is moderately wounded.
b - 32 stones Unknown command.
Casting: Sandblast (safe; 3% risk of failure)
Confirm with . or Enter, or press ? or * to list all spells.
Aiming: Sandblast (safe; 3% risk of failure)
Press: ? - help, Shift-Dir - straight line, f/p - orc priest
Aim: an orc priest, wielding a mace (moderately wounded)
The blast of sand hits the orc priest.
The orc priest is heavily wounded.
b - 31 stones The orc priest barely misses you.
Unknown command.
Casting: Sandblast (safe; 3% risk of failure)
Confirm with . or Enter, or press ? or * to list all spells.
Aiming: Sandblast (safe; 3% risk of failure)
Press: ? - help, Shift-Dir - straight line, f/p - orc priest
Aim: an orc priest, wielding a mace (moderately wounded)
The blast of sand hits the orc priest.
The orc priest is almost dead.
b - 30 stones The orc closely misses you. x2
The orc priest calls down the wrath of Beogh upon you.
Beogh smites you!
Ouch! That really hurt!
* * * LOW HITPOINT WARNING * * *
Unknown command.
Casting: Sandblast (safe; 3% risk of failure)
Confirm with . or Enter, or press ? or * to list all spells.
Aiming: Sandblast (safe; 3% risk of failure)
Press: ? - help, Shift-Dir - straight line, f/p - orc priest
Aim: an orc priest, wielding a mace (almost dead)
The blast of sand hits the orc priest.
You kill the orc priest!
b - 29 stones The orc hits you with a flail.
You die...
The orc completely misses you. The orc hits you with a short sword.
You are now level 4!
You rejoin the land of the living...
Found 16 arrows.
Unknown command.
Are you sure you want to abandon this character and quit the game? (Confirm
Okay, then.
Are you sure you want to abandon this character and quit the game? (Confirm

...
#######
...
#..@..#
...
#...(.+
..
#.....#
# .#
##..###
##.#
####
.....
.....
.....
.....


There were no monsters in sight!

Vanquished Creatures
  An ogre (D:4)
  A scorpion (D:4)
  An orc priest (D:4)
  A worker ant (D:4)
  2 oozes
  3 worms
  2 orcs (D:4)
  2 giant cockroaches (D:2)
  3 goblins
  A hobgoblin (D:2)
  2 jackals (D:1)
  3 kobolds (D:2)
  2 rats
24 creatures vanquished.

Notes
Turn   | Place    | Note
-------+----------+-------------------------------------------
     0 | D:1      | Amnesiac the Felid Earth Elementalist began the quest for
                  | the Orb.
     0 | D:1      | Reached XP level 1. HP: 7/7 MP: 4/4
    67 | D:1      | Reached skill level 3 in Earth Magic
    67 | D:1      | Reached XP level 2. HP: 11/11 MP: 0/6
    71 | D:1      | Learned a level 2 spell: Passwall
   190 | D:2      | Reached skill level 1 in Unarmed Combat
   439 | D:2      | Reached XP level 3. HP: 14/14 MP: 1/7
   677 | D:4      | Noticed an ogre
   684 | D:4      | Killed an ogre
   684 | D:4      | Reached skill level 4 in Earth Magic
   684 | D:4      | Reached XP level 4. HP: 17/18 MP: 2/9
   684 | D:4      | Reached XP level 5. HP: 20/21 MP: 2/10
   690 | D:4      | Learned a level 4 spell: Petrify
   868 | D:4      | Slain by an orc
   869 | D:4      | Reached XP level 4. HP: -1/18 MP: 5/9
   870 | D:4      | Quit the game

Vault maps used:
D:1:      onia_arrival_handbag
D:2:      first_ration
D:4:      nicolae_overflow_hidden_temple, minmay_bisected

Skill      XL: |  1  2  3  4  5 |
---------------+----------------+-----
Earth Magic    | 3 4 |  4.5
Unarmed Combat | 1 2 |  2.4
Spellcasting   | 3 |  3.1
Dodging        | |  2.6
Stealth        | |  2.6
Transmutations | |  1.6

Action                   |  1- 3 |  4- 6 || total
-------------------------+-------+-------++-------
Melee: Unarmed           |    33 |     8 ||    41
       Punch             |       |     1 ||     1
 Cast: Sandblast         |    28 |     7 ||    35
       Passwall          |     4 |     2 ||     6
 Stab: Sleeping          |     3 |     2 ||     5
  Eat: Chunk             |     7 |     1 ||     8
Armor: Skin              |     2 |       ||     2
Dodge: Dodged            |    28 |     8 ||    36

Table legend:
 A = Non-vault XP
 B = Vault XP
 C = Vault XP percentage of total XP
 D = Non-vault monster count
 E = Vault monster count
 F = Vault count percentage of total count
                 A         B        C        D         E       F
            +---------+---------+-------+---------+---------+-------
      Total |     193 |     126 |  39.5 |      21 |       3 |  12.5
            +---------+---------+-------+---------+---------+-------
        D:1 |       4 |       8 |  66.7 |       2 |       2 |  50.0
        D:2 |      30 |       0 |   0.0 |      11 |       0 |   0.0
        D:3 |       4 |       0 |   0.0 |       2 |       0 |   0.0
        D:4 |     155 |     118 |  43.2 |       6 |       1 |  14.3
            +---------+---------+-------+---------+---------+-------
